 Dungeon Crawl Stone Soup version 0.19.0-16-g73b5abf (webtiles) character file.

242 Millan the Chopper (level 5, 0/39 HPs)
             Began as a Demonspawn Gladiator on Nov 10, 2016.
             Was a Believer of Qazlal.
             Succumbed to a worker ant's poison
             ... on level 4 of the Dungeon.
             The game lasted 00:12:07 (5864 turns).

Millan the Chopper (Demonspawn Gladiator)           Turns: 5864, Time: 00:12:07

Health: 0/39       AC:  3    Str: 17    XL:     5   Next: 81%
Magic:  7/7        EV: 10    Int:  9    God:    Qazlal [**....]
Gold:   157        SH: 11    Dex: 16    Spells: 0 memorised, 7 levels left

rFire  . . .     SeeInvis .     a - +0 war axe
rCold  . . .     Gourm    .     b - +0 leather armour
rNeg   . . .     Faith    .     g - +0 shield
rPois  .         Spirit   .     (helmet restricted)
rElec  .         Reflect  .     (no cloak)
rCorr  .         Harm     .     (no gloves)
MR     .....                    (no boots)
Stlth  +.........               (no amulet)
                                j - +3 ring of dexterity
                                (no ring)

@: lethally poisoned (0 -> -9)
A: antennae 2
a: Upheaval, Renounce Religion


You were on level 4 of the Dungeon.
You worshipped Qazlal.
Qazlal was pleased with you.
You were not hungry.

You visited 1 branch of the dungeon, and saw 4 of its levels.

You collected 157 gold pieces.

Inventory:

Hand Weapons
 a - a +0 war axe (weapon)
Missiles
 d - 3 throwing nets (quivered)
Armour
 b - a +0 leather armour (worn)
 c - a +0 helmet
 g - a +0 shield (worn)
Jewellery
 j - a +3 ring of dexterity (right hand)
 r - a cursed -3 ring of dexterity
Scrolls
 e - a scroll of teleportation
 h - 3 scrolls of identify
 k - a scroll of noise {unknown}
 l - a scroll of recharging {unknown}
 m - a scroll of fog {unknown}
 n - a scroll of magic mapping {unknown}
 o - a scroll of remove curse
Books
 q - a book of Misfortune

   Spells                             Type                      Level
   a - Confusing Touch                Hexes                        1
   b - Confuse                        Hexes                        3
   c - Gell's Gravitas                Hexes/Translocation          3
   d - Petrify                        Transmutation/Earth          4
   e - Metabolic Englaciation         Hexes/Ice                    5
   f - Yara's Violent Unravelling     Hexes/Transmutation          5
Comestibles
 f - 7 bread rations
 i - a fruit


   Skills:
 + Level 2.6 Fighting
 * Level 3.4 Axes
 - Level 1.7 Throwing
 * Level 2.0 Armour
 - Level 2.7 Dodging
 * Level 2.4 Shields
 + Level 1.7 Spellcasting
 * Level 2.3 Invocations


You had 7 spell levels left.
You didn't know any spells.

Dungeon Overview and Level Annotations

Branches:
Dungeon (4/15)
 Temple: D:4-7

Altars:
Qazlal

Shops:
D:4 (


Innate Abilities, Weirdness & Mutations

You have a pair of antennae on your head.


Message History

Drop what? 19/52 slots (_ for help) (? for menu, Esc to quit)
You remove your -2 ring of strength.
You feel stronger.
* * * LOW HITPOINT WARNING * * *
You feel sick.
You drop a -2 ring of strength.
* * * LOW HITPOINT WARNING * * *
You feel sick.
You start eating one of the 2 fruits.
* * * LOW HITPOINT WARNING * * *
You feel sick.
That choko was very bland.
You aren't carrying any potions.
You aren't carrying any potions.
Okay, then.
As you read the scroll labeled LIOT HACEOCOWI, it crumbles to dust.
It is a scroll of amnesia.
Forget which spell ([?*] list [ESC] exit)?
Your memory of Confusing Touch unravels.
You die...

...# #..####..###.....## #....##
...# #...###...#..##...###..###
...# ##....###....#####......## #
#..###........................###
#.........................###..##
#...................##....####...
#..####.....#..............##....
...........#.....................
..........##....@................
.#####....#.....................[
.# ###.........................
## #......................... .##
##.........<.............##
..#####..................†....###
#..##............................
##...............................
##.###..###................####.


There were no monsters in sight!

Vanquished Creatures
  A bullfrog skeleton (D:4)
  4 worker ants (D:4)
  5 adders
  An adder skeleton (D:4)
  3 dart slugs
  4 leopard geckos
  3 orcs
  8 bats
  2 giant cockroaches
  8 goblins
  9 hobgoblins
  3 quokkas
  A ball python (D:3)
  4 frilled lizards
  6 kobolds
  4 rats
66 creatures vanquished.

Notes
Turn   | Place    | Note
-------+----------+-------------------------------------------
     0 | D:1      | Millan the Demonspawn Gladiator began the quest for the Orb.
     0 | D:1      | Reached XP level 1. HP: 16/16 MP: 1/1
   386 | D:1      | Gained mutation: You have a pair of small antennae on your head. [demonic ancestry]
   386 | D:1      | Reached XP level 2. HP: 22/22 MP: 2/2
   524 | D:1      | Reached skill level 1 in Shields
  1068 | D:1      | Reached skill level 3 in Axes
  1292 | D:2      | Reached skill level 1 in Armour
  1317 | D:2      | Gained mutation: You have a pair of antennae on your head. [demonic ancestry]
  1317 | D:2      | Reached XP level 3. HP: 19/27 MP: 2/4
  1892 | D:2      | Found a faded altar of an unknown god.
  1934 | D:2      | Became a worshipper of Qazlal Stormbringer
  1934 | D:2      | Reached * piety under Qazlal
  2679 | D:3      | Learned a level 1 spell: Confusing Touch
  2759 | D:2      | HP: 1/28 [adder (2)]
  2762 | D:2      | Reached skill level 1 in Invocations
  3067 | D:2      | Reached XP level 4. HP: 13/34 MP: 5/5
  3349 | D:3      | Reached skill level 1 in Spellcasting
  3937 | D:4      | Reached ** piety under Qazlal
  4331 | D:4      | Reached XP level 5. HP: 29/39 MP: 7/7
  5156 | D:4      | Found Piomoqaw's Weapon Shoppe.
  5862 | D:4      | HP: 1/39 [poisoned by a worker ant]
  5864 | D:4      | Succumbed to a worker ant's poison

Skill      XL: |  1  2  3  4  5 |
---------------+----------------+-----
Shields        | 1 2 |  2.4
Axes           | 3 |  3.4
Armour         | 1 2 |  2.0
Invocations    | 1 2 |  2.3
Spellcasting   | 1 |  1.7
Fighting       | |  2.6
Throwing       | |  1.7
Dodging        | |  2.7

Action                   |  1- 3 |  4- 6 || total
-------------------------+-------+-------++-------
Melee: War axe           |   148 |    98 ||   246
  Use: Potion            |     5 |     1 ||     6
       Scroll            |       |     4 ||     4
  Eat: Chunk             |     5 |     4 ||     9
       Fruit             |       |     2 ||     2
       Meat ration       |       |     1 ||     1
Armor: Leather armour    |    49 |    20 ||    69
Dodge: Dodged            |   104 |    32 ||   136
Block: Shield            |    95 |    50 ||   145
